 Dungeon Crawl Stone Soup version 0.21-a0-519-gb765982 (webtiles) character file.

28 Firecrotchwizard the Poker (level 3, -4/28 HPs)
             Began as a Merfolk Gladiator on Dec 5, 2017.
             Slain by Natasha (6 damage)
             ... on level 2 of the Dungeon.
             The game lasted 00:02:28 (801 turns).

Firecrotchwizard the Poker (Merfolk Gladiator)       Turns: 801, Time: 00:02:29

Health: -4/28      AC:  6    Str: 14    XL:     3   Next: 14%
Magic:  3/3        EV: 13    Int:  7    God:
Gold:   41         SH:  0    Dex: 16    Spells: 2/2 levels left

rFire    . . .     SeeInvis .   a - +0 trident
rCold    . . .     Gourm    .   (no shield)
rNeg     . . .     Faith    .   e - +0 ring mail
rPois    .         Spirit   .   c - +0 helmet
rElec    .         Reflect  .   (no cloak)
rCorr    .         Harm     .   (no gloves)
MR       .....                  (no boots)
Stlth    +.........             (no amulet)
HPRegen  0.09/turn              (no ring)
MPRegen  0.08/turn              (no ring)

@: slowed, very slow
A: change form in water, swift swim, stealthy swim
a: no special abilities


You were on level 2 of the Dungeon.
You were not hungry.

You visited 1 branch of the dungeon, and saw 2 of its levels.

You collected 41 gold pieces.

Inventory:

Hand Weapons
 a - a +0 trident (weapon)
Missiles
 d - 3 throwing nets {=f, !d}
Armour
 b - a +0 leather armour
 c - a +0 helmet (worn)
 e - a +0 ring mail (worn)
   (You found it on level 1 of the Dungeon)
Scrolls
 h - 3 scrolls of identify {unknown}
 k - a scroll of teleportation {unknown}
Potions
 i - 2 potions of ambrosia {unknown}
 j - a potion of resistance {unknown}
 l - a potion of lignification {unknown}
 m - a potion of degeneration {unknown}
 n - a potion of curing {unknown}
 o - a potion of brilliance {unknown}
Comestibles
 f - 2 bread rations {@e1}
 g - 6 chunks of flesh {@w0}


   Skills:
 + Level 2.6 Fighting
 * Level 5.4 Polearms
 - Level 2.0 Throwing
 + Level 4.4 Dodging


You had 2 spell levels left.
You didn't know any spells.

Dungeon Overview and Level Annotations

Branches:
Dungeon (2/15)

Altars:
Dithmenos

Annotations:
D:2 Natasha


Message History

g - 4 chunks of flesh {@w0} (gained 2)
You see here a dagger.
Some of the chunks of flesh in your inventory have rotted away.
You open the door.
There is an open door here.
You now have 41 gold pieces (gained 5).
You see here 28 stones.
There is an open door here.
A bat comes into view.
The bat hits you but does no damage.
You barely miss the bat. The bat closely misses you.
The bat closely misses you.
Attack whom?
Aim: a bat You reach to attack!
You completely miss the bat. The bat closely misses you.
Attack whom?
Aim: a bat You reach to attack!
You closely miss the bat. The bat barely misses you.
You puncture the bat!
You kill the bat!
No target in view!
Some of the chunks of flesh in your inventory have rotted away.
Done exploring.
(D) Dungeon
Where to? (? - help)
There is a stone staircase leading down here.
You climb downwards.
There is a stone staircase leading up here.
Found a stone staircase leading down.
m - a ruby potion
Found a stone staircase leading up.
n - a fuming puce potion A goblin comes into view.
The goblin shouts!
Attack whom?
Aim: a goblin You reach to attack!
You puncture the goblin!
You kill the goblin!
o - a bubbling grey potion A goblin comes into view.
It is wielding a club.
Attack whom?
Aim: a goblin, wielding a club You reach to attack!
You closely miss the goblin. You hit the goblin.
You kill the goblin!
Things that are here:
a club; a goblin corpse You butcher the goblin corpse.
g - 5 chunks of flesh {@w0} (gained 3)
You see here a club. x2
A quokka comes into view.
Attack whom?
Aim: a quokka You reach to attack!
You puncture the quokka!
You kill the quokka!
You butcher the quokka corpse.
g - 6 chunks of flesh {@w0} (gained 1)
Found a shadowy altar of Dithmenos.
You see here 22 stones.
Natasha, Servant of Life and Death comes into view.
Natasha hisses angrily.
Natasha casts a spell at you. The magic dart hits you!
You take 8 damage, and have 20/28 hp.
MASSIVE DAMAGE!!
Natasha stares at you and mumbles some strange words.
The magic dart hits you!
You take 7 damage, and have 13/28 hp.
MASSIVE DAMAGE!!
You are too injured to fight recklessly!
Okay, then.
Natasha casts a spell at you. The magic dart hits you!
Attack whom?
Aim: Natasha You reach to attack!
You hit Natasha but do no damage. Natasha casts a spell at you.
You resist with significant effort.
Attack whom?
Aim: Natasha You reach to attack!
You hit Natasha. Natasha casts a spell at you.
You feel yourself slow down.
Attack whom?
Aim: Natasha (moderately wounded)
You reach to attack!
You hit Natasha.
Natasha mumbles some strange words.
Natasha shimmers violently.
Attack whom?
Aim: Natasha (heavily wounded)
You barely miss Natasha. Natasha claws you but does no damage.
Natasha casts a spell.
You closely miss Natasha. Natasha claws you. Natasha claws you!
* * * LOW HITPOINT WARNING * * *
You take 12 damage, and have 2/28 hp.
MASSIVE DAMAGE!!
You barely miss Natasha.
Natasha hisses.
Natasha claws you.
You die...

................. ....
.....####........
....######.....##......#
........................
#.......................
.................#......
.............§#§##......
......h5....§#.§.#......
.......@...§#.#.#§#.....
......#....§§§._§§......
..... ####.##§#§#§#.....
.... #.#.#§§.#...... ...
#.####§#..#.... ## #.#
#§..#####+ #.# ##### #.#
#.#


You could see Natasha and a crimson imp.

Vanquished Creatures
  A dart slug (D:1)
  3 bats (D:1)
  5 goblins
  4 hobgoblins (D:1)
  2 jackals (D:1)
  A quokka (D:2)
  A frilled lizard (D:1)
  6 kobolds (D:1)
  2 rats (D:1)
25 creatures vanquished.

Notes
Turn   | Place    | Note
-------+----------+-------------------------------------------
     0 | D:1      | Firecrotchwizard the Merfolk Gladiator began the quest for the Orb.
     0 | D:1      | Reached XP level 1. HP: 16/16 MP: 1/1
   242 | D:1      | Reached XP level 2. HP: 23/23 MP: 2/2
   367 | D:1      | Reached skill level 5 in Polearms
   621 | D:1      | Reached XP level 3. HP: 28/28 MP: 3/3
   776 | D:2      | Found a shadowy altar of Dithmenos.
   792 | D:2      | Noticed Natasha
   800 | D:2      | HP: 2/28 [Natasha (8)]
   801 | D:2      | Slain by Natasha

Vault maps used:
D:1:      minmay_arrival_arboretum_small
D:2:      grunt_dithmenos_smoke_and_mirrors, first_bread, uniq_natasha,
          uniq_sigmund

Skill      XL: |  1  2 |
---------------+-------+-----
Polearms       | 5 |  5.4
Fighting       | |  2.6
Throwing       | |  2.0
Dodging        | |  4.4

Action                   || total
-------------------------++-------
Melee: Trident           ||    81
Armor: Ring mail         ||    23
       Leather armour    ||     5
Dodge: Dodged            ||    41

Table legend:
 A = Spawn XP
 B = Non-spawn XP
 C = Spawn XP percentage of total XP
 D = Spawn monster count
 E = Non-spawn monster count
 F = Spawn count percentage of total count
 G = Total turns spent on level
                    A         B        C        D         E        F      G
               +---------+---------+-------+---------+---------+-------+---------
         Total |       0 |      41 |   0.0 |       0 |      25 |   0.0 |   801
               +---------+---------+-------+---------+---------+-------+---------
           D:1 |       0 |      36 |   0.0 |       0 |      22 |   0.0 |   701
           D:2 |       0 |       5 |   0.0 |       0 |       3 |   0.0 |   100
               +---------+---------+-------+---------+---------+-------+---------

Vault maps used:
D:1:      minmay_arrival_arboretum_small
D:2:      grunt_dithmenos_smoke_and_mirrors, first_bread, uniq_natasha,
          uniq_sigmund

Table legend:
 A = Turns spent in this place as a percentage of turns spent in the entire game.
 B = Non-inter-level travel turns spent in this place as a percentage of non-inter-level travel turns spent in the entire game.
 C = Inter-level travel turns spent in this place as a percentage of turns spent in this place.
 D = Turns resting spent in this place as a percentage of non-inter-level travel turns spent in this place.
 E = Turns spent auto-exploring this place as a percentage of non-inter-level travel turns spent in this place.
 F = Non-inter-level travel turns spent in this place divided by the number of levels of this place that you've seen.
                   A       B       C       D       E      F
               +-------+-------+-------+-------+-------+----------------------
         Total | 100.0 | 100.0 |   0.4 |  18.9 |  58.3 | 399.0
       Dungeon | 100.0 | 100.0 |   0.4 |  18.9 |  58.3 | 399.0
               +-------+-------+-------+-------+-------+----------------------

Table legend:
 A = Kills in this place as a percentage of kills in entire the game.
 B = Kills by you in this place as a percentage of kills by you in the entire game.
 C = Kills by friends in this place as a percentage of kills by friends in the entire game.
 D = Other kills in this place as a percentage of other kills in the entire game.
 E = Experience gained in this place as a percentage of experience gained in the entire game.
 F = Experience gained in this place divided by the number of levels of this place that you have seen.
                   A       B       C       D       E      F
               +-------+-------+-------+-------+-------+----------------------
         Total | 100.0 | 100.0 |   N/A |   N/A | 100.0 |  20.5
       Dungeon | 100.0 | 100.0 |   N/A |   N/A | 100.0 |  20.5
               +-------+-------+-------+-------+-------+----------------------
